 Dungeon Crawl Stone Soup version 0.30-a0-1094-g860fb061e7 (webtiles) character file.

Game seed: 2171568314346519474

6747 microfolk the Zephyrmancer (level 11, -9/68 HPs)
             Began as a Tengu Air Elementalist on Apr 17, 2023.
             Was an Initiate of Gozag.
             Mangled by an eight-headed hydra (15 damage)
             ... on level 11 of the Dungeon.
             The game lasted 00:54:10 (16535 turns).

microfolk the Zephyrmancer (TeAE)                  Turns: 16535, Time: 00:54:10

Health: -9/68      AC:  6    Str:  9    XL:     11   Next: 4%
Magic:  23/23      EV: 18    Int: 20    God:    Gozag
Gold:   1508       SH:  0    Dex: 14    Spells: 12/24 levels left

rFire   + . .      SeeInvis +    z - staff of conjuration
rCold   + . .      Faith    .    (no shield)
rNeg    . . .      Spirit   .    K - +2 leather armour {Will+}
rPois   .          Reflect  .    (helmet restricted)
rElec   .          Rampage  .    N - scarf {rC+ rF+}
rCorr   .                        x - +0 pair of gloves
Will    +....                    (boots unavailable)
Stlth   ++                       (no amulet)
HPRegen 0.31/turn                v - ring of see invisible
MPRegen 0.18/turn                (no ring)

@: flying quickly and evasively, quick
A: beak, talons 3, nimble flight
a: Renounce Religion, Potion Petition, Call Merchant, Bribe Branch


You were on level 11 of the Dungeon.
You worshipped Gozag.
Gozag was most pleased with you.
You visited 2 branches of the dungeon, and saw 12 of its levels.
You also visited: Bailey.

You collected 1555 gold pieces.
You paid 47 gold pieces to Gozag.

Inventory:

Hand Weapons
 l - a +0 spear
 m - a +0 dagger
 C - a +0 sling
 I - a +0 trident of flaming
 R - a +2 halberd of electrocution
 S - a +5 spear
Missiles
 e - 2 javelins
 L - a curare-tipped dart
Armour
 a - a +1 robe
 n - a +0 kite shield
 x - a +0 pair of gloves (worn)
 y - a +1 chain mail of willpower
 K - a +2 leather armour of willpower (worn)
 N - a scarf of resistance (worn)
 U - the +0 cloak of Whack-A-Mole {Contam rElec rN+++ Dex-5}
   (You found it on level 10 of the Dungeon)

   Dex:       It affects your dexterity (-5).
   rElec:     It insulates you from electricity.
   rN:        It renders you almost immune to negative energy.
   Contam:    It causes magical contamination when unequipped.
Magical Staves
 w - a staff of fire
 z - a staff of conjuration (weapon)
 J - a staff of death
Jewellery
 p - a ring of ice
 v - a ring of see invisible (left hand)
 V - a ring of positive energy
Wands
 D - a wand of quicksilver (8)
 Q - a wand of polymorph (6)
Scrolls
 f - a scroll of poison
 g - a scroll of fog
 i - 2 scrolls of enchant armour
 j - 3 scrolls of vulnerability {unknown}
 q - 7 scrolls of teleportation
 t - 3 scrolls of fear {unknown}
 A - 2 scrolls of magic mapping {unknown}
 F - a scroll of acquirement {unknown}
 H - a scroll of amnesia {unknown}
 O - a scroll of noise {unknown}
 P - a scroll of blinking {unknown}
Potions
 b - 3 potions of magic
 c - 6 potions of curing {@q1}
 d - 5 potions of mutation
 h - a potion of berserk rage
 k - 5 potions of haste
 o - 4 potions of lignification
 r - 4 potions of might
 s - 2 potions of resistance
 u - 4 potions of heal wounds {@q2}
 B - 4 potions of cancellation
 E - 3 potions of brilliance
 G - a potion of ambrosia {unknown}
 M - a potion of attraction {unknown}
 T - 2 potions of invisibility {unknown}


   Skills:
 + Level 7.8 Fighting
 + Level 9.0 Dodging
 - Level 2.0 Stealth
 + Level 7.4 Spellcasting
 * Level 6.6 Conjurations
 - Level 11.0 Air Magic


You had 12 spell levels left.
You knew the following spells:

 Your Spells              Type           Power      Damage    Failure   Level
a - Shock                 Conj/Air       100%       1d9       1%          1
b - Static Discharge      Conj/Air       100%       2-7/arc   1%          2
c - Airstrike             Air            25%        2d(4-20)  1%          4
d - Arcjolt               Conj/Air       29%        1d39      10%         5

Your spell library contained the following spells:

 Spells                   Type           Power      Damage    Failure   Level
 Swiftness                Air            51%        N/A       1%          3
 Momentum Strike          Conj/Tloc      62%        3d9       4%          2
 Vhi's Electric Charge    Tloc/Air       58%        N/A       4%          3
 Beastly Appendage        Tmut           14%        N/A       13%         1
 Blink                    Tloc           14%        N/A       19%         2
 Lesser Beckoning         Tloc           14%        N/A       19%         2
 Wereblood                Tmut           7%         N/A       19%         2
 Gell's Gravitas          Tloc           7%         N/A       36%         3
 Spider Form              Tmut/Pois      7%         N/A       36%         3
 Teleport Other           Tloc           7%         N/A       36%         3
 Olgreb's Toxic Radiance  Pois           7%         N/A       77%         4
 Plasma Beam              Fire/Air       14%        2x1d28    90%         6
 Discord                  Hex            3%         N/A       100%        8
 Ignition                 Fire           3%         3d4       100%        8


Dungeon Overview and Level Annotations

Branches:
Dungeon (11/15)            Temple (1/1) D:4          Bailey (visited)
   Lair: D:8-11         Orc: D:9-12

Altars:
Ashenzari
Cheibriados
Dithmenos
Elyvilon
Fedhas
Gozag
Hepliaklqana
Kikubaaqudgha
Makhleb
Nemelex Xobeh
Okawaru
Qazlal
Ru
Sif Muna
Trog
Uskayaw
Vehumet
Wu Jian
Xom
Yredelemnul
Zin
The Shining One
Lugonu

Shops:
D:5 (   D:9 *

Annotations:
D:3 1 runed translucent door, Crazy Yiuf
D:4 1 runed translucent door, graymark's ghost, amateur DsFi
D:6 exclusions: centaur and ice beast
D:8 1 runed translucent door, exclusion: sky beast, EtherCrawl's ghost, novice DECj
D:9 exclusion: two-headed ogre
D:10 exclusion: acid dragon, Erica; Gastronok


Innate Abilities, Weirdness & Mutations

You have a beak for a mouth.
You have claws for feet.
Your magical nature lets you fly swiftly and evasively.


Message History

Magic restored.
You now have 1508 gold pieces (gained 16).
You see here a +0 scale mail.
You see here a +1 rapier of speed.
There is an open door here.
There is an open door here.
There is a stone staircase leading down here.
You fly downwards.
The eight-headed hydra roars!
The eight-headed hydra bites you. x2; The eight-headed hydra bites you!
The eight-headed hydra completely misses you.
The eight-headed hydra bites you!
The eight-headed hydra completely misses you.
The eight-headed hydra bites you!
* * * LOW HITPOINT WARNING * * *
The eight-headed hydra misses you.
The eight-headed hydra barely misses you.
The eight-headed hydra bites you.
* * * LOW HITPOINT WARNING * * *
The eight-headed hydra closely misses you.
The eight-headed hydra barely misses you.
The eight-headed hydra misses you. The eight-headed hydra bites you!
* * * LOW HITPOINT WARNING * * *
The eight-headed hydra bites you but does no damage.
The eight-headed hydra completely misses you.
There is a stone staircase leading up, spattered with blood here.
Okay, then.
Okay, then.
As you read the scroll of fog, it crumbles to dust.
The scroll dissolves into smoke.
The eight-headed hydra completely misses you.
The eight-headed hydra misses you.
The eight-headed hydra bites you but does no damage.
The eight-headed hydra closely misses you.
The eight-headed hydra misses you. The eight-headed hydra bites you!
* * * LOW HITPOINT WARNING * * *
The eight-headed hydra bites you but does no damage.
The eight-headed hydra bites you!
You die...
Your body crumbles into a pile of gold.

........
..............
#....#..
.............
.....#..
#............
...###.)
#............
#............
#.§.........
#..§§§§.....
#§§@D§.....
#.§§##....#
#§..# ###
#####


You could see an eight-headed hydra.

Vanquished Creatures
  An orc knight (Bailey)
  Psyche (D:10)
  3 trolls (D:10)
  A dream sheep (D:8)
  Sigmund (D:5)
  7 yaks
  Grum (D:10)
  Menkaure (D:7)
  2 ice beasts
  A black bear (D:6)
  2 orc warriors
  3 wolves (D:10)
  2 centaurs
  4 phantoms
  4 kobold brigands
  6 bullfrogs
  A gnoll sergeant (D:9)
  A scorpion (D:4)
  8 wights
  6 killer bees (D:10)
  5 howler monkeys
  4 hounds
  4 jellies
  3 orc priests
  5 iguanas
  A sleepcap (D:7)
  8 orc wizards
  12 gnolls
  10 adders
  3 shadow imps
  2 white imps
  3 worms
  4 dart slugs
  38 orcs
  10 ball pythons
  6 endoplasms
  3 giant cockroaches (D:1)
  2 hobgoblins (D:4)
  2 jackals (D:4)
  4 quokkas
  8 bats
  6 frilled lizards
  8 goblins
  A goblin skeleton (D:6)
  27 kobolds
  A kobold zombie (D:6)
  7 rats
243 creatures vanquished.

Vanquished Creatures (others)
  4 dream sheep (D:8)
  3 goblins (D:10)
  A fungus (D:3)
  2 withered plants (D:8)
10 creatures vanquished.

Grand Total: 253 creatures vanquished

Notes
Turn   | Place    | Note
-------+----------+-------------------------------------------
     0 | D:1      | microfolk the Tengu Air Elementalist began the quest for
                  | the Orb.
     0 | D:1      | Reached XP level 1. HP: 10/10 MP: 4/4
   242 | D:1      | Reached XP level 2. HP: 16/16 MP: 3/6
   280 | D:1      | Learned a level 2 spell: Static Discharge
   881 | D:1      | Reached XP level 3. HP: 20/20 MP: 3/7
   967 | D:1      | Reached skill level 1 in Fighting
  1597 | D:2      | Found an iron altar of Okawaru.
  2417 | D:3      | Found an ornate altar of the Wu Jian Council.
  2500 | D:3      | Reached XP level 4. HP: 22/25 MP: 3/8
  3125 | D:2      | Learned a level 4 spell: Airstrike
  3481 | D:3      | Gained mutation: Your magical nature lets you fly swiftly
                  | and evasively. [Tengu growth]
  3481 | D:3      | Reached XP level 5. HP: 20/30 MP: 4/10
  3781 | D:3      | Found a runed translucent door.
  3782 | D:3      | Noticed Crazy Yiuf
  3965 | D:4      | Found a runed translucent door.
  3968 | D:4      | Noticed graymark's ghost (amateur DsFi)
  3968 | D:4      | Noticed a two-headed ogre
  4076 | D:4      | Reached skill level 5 in Air Magic
  4340 | D:4      | Found a staircase to the Ecumenical Temple.
  4346 | Temple   | Entered the Ecumenical Temple
  4389 | Temple   | Became a worshipper of Gozag Ym Sagoz the Greedy
  4633 | D:4      | Reached XP level 6. HP: 34/36 MP: 3/11
  5007 | D:4      | Noticed an orc warrior
  5177 | D:4      | Reached skill level 6 in Air Magic
  5947 | D:5      | Entered Level 5 of the Dungeon
  5947 | D:5      | Noticed Sigmund
  5951 | D:5      | Killed Sigmund
  5952 | D:5      | Reached XP level 7. HP: 41/41 MP: 2/13
  6244 | D:5      | Reached skill level 7 in Air Magic
  6376 | D:5      | Found Pion's Weapon Boutique.
  6396 | D:5      | Found an ancient bone altar of Kikubaaqudgha.
  6706 | D:5      | Found a shimmering blue altar of Sif Muna.
  6708 | D:5      | Found a glowing golden altar of the Shining One.
  6717 | D:5      | Found a shadowy altar of Dithmenos.
  6722 | D:5      | Found a burning altar of Makhleb.
  6723 | D:5      | Found a bloodstained altar of Trog.
  6729 | D:5      | Found a snail-covered altar of Cheibriados.
  6730 | D:5      | Found a white marble altar of Elyvilon.
  7036 | D:6      | Reached XP level 8. HP: 48/48 MP: 5/15
  7190 | D:6      | Found a runed translucent door.
  7220 | D:6      | Found a basalt altar of Yredelemnul.
  7352 | D:6      | Reached skill level 8 in Air Magic
  7578 | D:6      | Reached skill level 5 in Dodging
  8093 | D:6      | Found a glowing silver altar of Zin.
  8140 | D:6      | Found a hide-covered altar of Uskayaw.
  8449 | D:7      | Noticed Menkaure
  8483 | D:7      | Killed Menkaure
  8484 | D:7      | Reached skill level 9 in Air Magic
  8938 | D:7      | Found a sacrificial altar of Ru.
  9047 | D:7      | Reached XP level 9. HP: 39/53 MP: 8/17
  9288 | D:7      | Reached skill level 5 in Spellcasting
  9292 | D:7      | Reached skill level 5 in Fighting
  9372 | D:7      | Reached skill level 10 in Air Magic
 10363 | D:8      | Found a radiant altar of Vehumet.
 10473 | D:8      | Found a runed translucent door.
 10476 | D:8      | Noticed EtherCrawl's ghost (novice DECj)
 10581 | D:8      | Reached skill level 11 in Air Magic
 11167 | D:8      | Found a shimmering altar of Xom.
 11496 | D:7      | Reached XP level 10. HP: 29/60 MP: 8/20
 12581 | D:9      | Found Qafeina's Assorted Antiques.
 13245 | D:9      | Noticed a two-headed ogre
 13419 | D:10     | Entered Level 10 of the Dungeon
 13435 | D:10     | Learned a level 5 spell: Arcjolt
 13458 | D:10     | Noticed Gastronok
 13773 | D:10     | Noticed Psyche
 13810 | D:10     | Found a flagged portal.
 13826 | Bailey   | Entered a bailey
 14395 | Bailey   | Noticed an orc knight
 14429 | Bailey   | Killed an orc knight
 14699 | D:10     | Killed Psyche
 15112 | D:10     | Identified the +0 cloak of Whack-A-Mole {Contam rElec rN+++
                  | Dex-5}
 15153 | D:10     | Noticed Erica
 15305 | D:10     | Reached skill level 5 in Conjurations
 15936 | D:10     | Noticed Grum
 15949 | D:10     | Killed Grum
 15953 | D:10     | Reached XP level 11. HP: 54/68 MP: 6/23
 16293 | D:11     | Noticed an eight-headed hydra
 16535 | D:11     | Mangled by an eight-headed hydra

Illustrated notes

Levels and vault maps discovered:
D:1:      scummos_arrival_gate, layout_rooms, hangedman_decor_growths,
          corexii_item_surrounded_by_moat
D:2:      layout_basic, basic_altar, kennysheep_decorative_pillar
D:3:      layout_basic, nicolae_wu_jian_immortal_techniques,
          serial_corexii_hall, corexii_hall_statues_t, corexii_hall_statues_l,
          chequers_hall_statues_wall_a, corexii_hall_statues_l,
          grunt_ministairs_7, chequers_serial_rivers_micro_d,
          uniq_crazy_yiuf_cottage
D:4:      minmay_opposing_rooms, layout_basic,
          minmay_temple_entry_enclosed_plants, ebering_ghost_inner_flame,
          minmay_tree_intersection
D:5:      layout_cave_pools, kiku_gazebo_garden_becter,
          nicolae_overflow_hallway_of_the_gods, serial_shops,
          nicolae_take_the_stairs, nicolae_figureground_pulse, uniq_sigmund
D:6:      layout_loops_ring, dk_yredelemnul_ordeal,
          nicolae_uskayaw_dance_studio, zin_academy
D:7:      layout_rooms, nicolae_ru_awakened_eye, uniq_menkaure
D:8:      layout_basic, lemuel_doored_altar, kb_xom_exploding_sheep,
          gammafunk_ghost_grave, grunt_decor_fettered
D:9:      layout_cave_pools, serial_shops, kennysheep_little_box
D:10:     layout_stronghold, enter_bailey_3, uniq_gastronok, uniq_erica,
          uniq_grum, uniq_psyche
D:11:     layout_cave_pools, david_lair_generic, david_orc_5
Temple:   corrupted_temple

Skill      XL: |  1  2  3  4  5  6  7  8  9 10 |
---------------+-------------------------------+-----
Conjurations   | 2 3 6 |  6.6
Fighting       | 1 2 3 4 6 7 |  7.8
Dodging        | 3 4 5 7 9 |  9.0
Air Magic      | 5 6 7 9 11 | 11.0
Spellcasting   | 3 4 6 7 |  7.4
Stealth        | |  2.0

Action                     |  1- 3 |  4- 6 |  7- 9 | 10-12 || total
---------------------------+-------+-------+-------+-------++-------
  Melee: Unarmed           |     2 |       |       |       ||     2
         Kick              |     1 |     2 |       |       ||     3
         Staff             |       |     3 |       |       ||     3
         Peck              |       |     2 |       |       ||     2
         Punch             |       |     1 |       |       ||     1
   Cast: Shock             |    93 |    83 |   192 |    89 ||   457
         Static Discharge  |     3 |    21 |    52 |    21 ||    97
         Airstrike         |       |     2 |     9 |    53 ||    64
    Use: Scroll            |     6 |     4 |     3 |     4 ||    17
         Potion            |       |       |       |     1 ||     1
 Armour: Robe              |     2 |     1 |       |       ||     3
         Leather armour    |       |       |     5 |     7 ||    12
  Dodge: Dodged            |     9 |    13 |    44 |    50 ||   116

Table legend: (Time is in decaauts)
 A = Elapsed time spent in this place.
 B = Non-inter-level travel time spent in this place.
 C = Inter-level travel time spent in this place.
 D = Time resting spent in this place.
 E = Time spent auto-exploring this place.
 F = Levels seen in this place.
 G = Mean time per level.
                   A        B        C        D        E       F      G
               +--------+--------+--------+--------+--------+-----+--------+
         Total |  15770 |  14081 |   1689 |   5354 |   5726 |  13 | 1213.1 |
       Dungeon |  14890 |  13217 |   1673 |   4955 |   5551 |  11 | 1353.6 |
        Temple |     55 |     40 |     15 |      0 |     22 |   1 |   55.0 |
        Bailey |    823 |    823 |      0 |    399 |    152 |   1 |  823.0 |
               +--------+--------+--------+--------+--------+-----+--------+

Top non-repeatable levels by time:
     D:7: 1946 daAuts
    D:10: 1927 daAuts
     D:4: 1924 daAuts
     D:8: 1842 daAuts
     D:3: 1540 daAuts
     D:6: 1369 daAuts
     D:2: 1304 daAuts
     D:1: 1093 daAuts
     D:9: 1063 daAuts
     D:5: 870 daAuts
  Bailey: 823 daAuts
  Temple: 55 daAuts
    D:11: 8 daAuts
